 Dungeon Crawl Stone Soup version 0.22-a0-160-gcc81d7a (webtiles) character file.

5726 theanonym the Cleaver (level 10, -1/70 HPs)
             Began as a Mummy Berserker on Feb 10, 2018.
             Was an Elder of Trog.
             Killed from afar by an orc wizard (9 damage)
             ... with a puff of flame
             ... on level 11 of the Dungeon.
             The game lasted 00:20:03 (11625 turns).

theanonym the Cleaver (Mummy Berserker)            Turns: 11625, Time: 00:20:04

Health: -1/70      AC: 14    Str: 24    XL:     10   Next: 48%
Magic:  10/10      EV:  8    Int:  6    God:    Trog [****..]
Gold:   103        SH:  0    Dex: 12    Spells: 9/9 levels left

rFire    x . .     SeeInvis .   l - +0 battleaxe
rCold    + . .     Gourm    .   (shield currently unavailable)
rNeg     + + +     Faith    .   c - +0 chain mail
rPois    ∞         Spirit   .   (no helmet)
rElec    .         Reflect  .   h - +1 cloak
rCorr    .         Harm     .   p - +0 pair of gloves
MR       +++..                  q - +2 pair of boots
Stlth    ..........             (no amulet)
HPRegen  1.21/turn              k - ring of flight
MPRegen  0.12/turn              (no ring)

@: regenerating
A: no food or potions, fire vulnerability, cold resistance 1, negative energy
resistance 3, torment resistance, unbreathing
a: Trog's Hand, Brothers in Arms, Burn Spellbooks, Renounce Religion, Evoke
Flight


Innate Abilities, Weirdness & Mutations

You do not eat or drink.
Your flesh is vulnerable to fire.
You are immune to poison.
Your flesh is cold resistant. (rC+)
You are immune to negative energy. (rN+++)
You are immune to unholy pain and torment.
You can survive without breathing.


   Skills:
 - Level 3.0 Fighting
 + Level 11.8(12.3) Axes
   Level 6.1(9.8) Maces & Flails
 - Level 1.5 Armour
 - Level 1.5 Dodging


You had 9 spell levels left.
You didn't know any spells.

Skill      XL: |  1  2  3  4  5  6  7  8  9 10 |
---------------+-------------------------------+-----
Maces & Flails | 3 4 6 |  6.1
Axes           | 2 5 8 10 11 | 11.8
Fighting       | |  3.0
Armour         | |  1.5
Dodging        | |  1.5

Action                   |  1- 3 |  4- 6 |  7- 9 | 10-12 || total
-------------------------+-------+-------+-------+-------++-------
Melee: Mace              |   115 |    13 |       |       ||   128
       Flail             |       |   203 |   142 |       ||   345
       War axe           |       |    10 |    81 |       ||    91
       Battleaxe         |       |       |   256 |    81 ||   337
Throw: Throwing net      |       |       |     1 |     2 ||     3
Invok: Trog's Hand       |       |     2 |     8 |     3 ||    13
Evoke: Wand              |       |       |     3 |     5 ||     8
  Use: Scroll            |       |     8 |     5 |     4 ||    17
Armor: Animal skin       |     8 |       |       |       ||     8
       Ring mail         |    41 |    45 |       |       ||    86
       Scale mail        |       |    72 |   143 |       ||   215
       Chain mail        |       |       |   119 |    56 ||   175
Dodge: Dodged            |    79 |   171 |   246 |    45 ||   541

Inventory:

Hand Weapons
 l - a +0 battleaxe (weapon)
   (You took it off Blork the orc on level 5 of the Dungeon)
Armour
 c - a +0 chain mail (worn)
   (You bought it in a shop on level 7 of the Dungeon)
 h - a +1 cloak (worn)
   (You took it off Crazy Yiuf on level 5 of the Dungeon)
 p - a +0 pair of gloves (worn)
   (You bought it in a shop on level 7 of the Dungeon)
 q - a +2 pair of boots (worn)
   (You bought it in a shop on level 7 of the Dungeon)
Jewellery
 k - a ring of flight (left hand)
   (You found it on level 2 of the Dungeon)
Wands
 a - a wand of iceblast (7)
   (You found it on level 7 of the Dungeon)
 g - a wand of random effects (24)
   (You found it on level 5 of the Dungeon)
 v - a wand of acid (6)
   (You found it on level 9 of the Dungeon)
Scrolls
 b - a scroll of vulnerability
 f - 2 scrolls of fog
 n - 2 scrolls of remove curse
 o - a scroll of immolation
 r - a scroll of identify
 t - a scroll of teleportation {!r}


You were on level 11 of the Dungeon.
You worshipped Trog.
Trog was greatly pleased with you.
You were not hungry.

You visited 1 branch of the dungeon, and saw 11 of its levels.
You also visited: Sewer.

You collected 433 gold pieces.
You spent 330 gold pieces at shops.

Dungeon Overview and Level Annotations

Branches:
Dungeon (12/15)            Temple (0/1) D:7
   Lair: D:8-11         Orc: D:9-12

Altars:
Cheibriados
Kikubaaqudgha
Wu Jian
Zin

Shops:
D:6 :   D:7 [

Annotations:
D:4 Sigmund
D:8 dig

#.....#...#
#.....#...#
#.....#...#
#.....#$..#
#.....#...#
#.....#§.§#
#.....#§§§# .
#####..)))##§##....
.......)..@§{§.o....
........>.§..§......
......##########....
...... ... ###### ..
.


There were no monsters in sight!

Notes
Turn   | Place    | Note
-------+----------+-------------------------------------------
     0 | D:1      | theanonym the Mummy Berserker began the quest for the Orb.
     0 | D:1      | Reached XP level 1. HP: 18/18 MP: 1/1
     6 | D:1      | HP: 9/18 [dart slug/slug dart (6)]
    12 | D:1      | HP: 4/18 [dart slug/slug dart (4)]
   278 | D:1      | Reached XP level 2. HP: 24/24 MP: 2/2
   346 | D:1      | Reached skill level 3 in Maces & Flails
   483 | D:1      | HP: 12/24 [jackal (1)]
   489 | D:1      | HP: 10/24 [jackal (2)]
   494 | D:1      | HP: 5/24 [jackal (1)]
   903 | D:1      | HP: 12/24 [dart slug/slug dart (6)]
  1174 | D:1      | Reached XP level 3. HP: 29/29 MP: 3/3
  1523 | D:2      | Reached ** piety under Trog
  1639 | D:2      | Reached skill level 4 in Maces & Flails
  1680 | D:2      | Reached XP level 4. HP: 31/35 MP: 4/4
  1891 | D:2      | HP: 16/35 [gnoll/flail (4)]
  2784 | D:3      | Noticed GameOver's ghost (amateur NaWz)
  2784 | D:3      | Reached XP level 5. HP: 39/41 MP: 5/5
  2797 | D:3      | HP: 19/41 [GameOver's ghost (2)]
  2806 | D:3      | HP: 14/41 [GameOver's ghost (3)]
  2809 | D:3      | Killed GameOver's ghost
  2809 | D:3      | Reached skill level 6 in Maces & Flails
  2809 | D:3      | Reached XP level 6. HP: 12/47 MP: 6/6
  2812 | D:3      | HP: 15/47 [quokka (1)]
  2817 | D:3      | HP: 15/47 [quokka (1)]
  3584 | D:4      | Noticed Sigmund
  3600 | D:4      | HP: 17/47 [something (11)]
  3602 | D:4      | HP: 6/47 [something (8)]
  3954 | D:4      | Reached skill level 1 in Axes
  4001 | D:4      | Found a glowing drain.
  4140 | Sewer    | Entered a sewer
  4349 | Sewer    | Reached *** piety under Trog
  4384 | Sewer    | Reached skill level 2 in Axes
  4546 | Sewer    | Reached XP level 7. HP: 34/52 MP: 7/7
  4554 | Sewer    | HP: 21/52 [river rat (7)]
  4559 | Sewer    | HP: 18/52 [rat (2)]
  4761 | Sewer    | Reached skill level 3 in Axes
  5231 | D:4      | HP: 8/52 [ogre/giant club (24)]
  5234 | D:4      | Reached skill level 4 in Axes
  5540 | D:4      | HP: 22/52 [gnoll/halberd (10)]
  5772 | D:4      | Reached skill level 5 in Axes
  5934 | D:5      | Entered Level 5 of the Dungeon
  5935 | D:5      | Noticed Edmund
  5957 | D:4      | Killed Edmund
  5957 | D:4      | Reached XP level 8. HP: 45/58 MP: 8/8
  6038 | D:5      | HP: 28/58 [bullfrog skeleton (2)]
  6414 | D:5      | HP: 25/58 [something (5)]
  6418 | D:5      | Reached skill level 6 in Axes
  6710 | D:5      | Found an ancient bone altar of Kikubaaqudgha.
  7026 | D:5      | Found a runed door.
  7185 | D:5      | Noticed Blork the orc
  7198 | D:5      | Killed Blork the orc
  7198 | D:5      | Reached skill level 7 in Axes
  7479 | D:5      | Noticed Crazy Yiuf
  7484 | D:5      | HP: 23/58 [Crazy Yiuf/quarterstaff of chaos (7)]
  7485 | D:5      | Killed Crazy Yiuf
  7757 | D:6      | Noticed Pikel
  7774 | D:6      | Killed Pikel
  7774 | D:6      | Reached skill level 8 in Axes
  7774 | D:6      | Reached XP level 9. HP: 63/63 MP: 9/9
  7837 | D:6      | Found a glowing silver altar of Zin.
  8007 | D:6      | Found Qiwk's Book Shoppe.
  8244 | D:6      | Found an ornate altar of the Wu Jian Council.
  8256 | D:6      | Found a snail-covered altar of Cheibriados.
  8354 | D:7      | Found Juxerodue's Armour Emporium.
  8362 | D:7      | Bought a +0 pair of gloves for 58 gold pieces
  8362 | D:7      | Bought a +2 pair of boots for 214 gold pieces
  8372 | D:7      | Bought a +0 chain mail for 58 gold pieces
  8423 | D:7      | HP: 25/63 [ogre/giant club (12)]
  8674 | D:7      | Noticed Joseph
  8684 | D:7      | Killed Joseph
  8684 | D:7      | Reached skill level 9 in Axes
  8751 | D:7      | Found a staircase to the Ecumenical Temple.
  9167 | D:7      | Reached **** piety under Trog
  9416 | D:8      | Reached skill level 10 in Axes
  9927 | D:8      | Noticed a cyclops
  9948 | D:8      | HP: 20/63 [cyclops (25)]
  9962 | D:8      | Killed a cyclops
  9962 | D:8      | Reached XP level 10. HP: 41/70 MP: 10/10
 10060 | D:8      | Reached skill level 11 in Axes
 10563 | D:9      | HP: 32/70 [orc warrior/antimagic halberd (10)]
 10568 | D:9      | HP: 11/70 [orc warrior/antimagic halberd (8)]
 11308 | D:9      | You fall through a shaft for 3 floors!
 11310 | D:12     | Noticed a cyan ugly thing
 11318 | D:12     | HP: 22/70 [cyan ugly thing (16)]
 11614 | D:11     | HP: 34/70 [hippogriff (4)]
 11618 | D:11     | HP: 14/70 [hippogriff (8)]
 11624 | D:11     | HP: 7/70 [hippogriff (5)]
 11625 | D:11     | Killed from afar by an orc wizard

Vanquished Creatures
  Pikel (D:6)
  A cyclops (D:8)
  Joseph (D:7)
  A troll (D:9)
  The ghost of GameOver the Sneak, an amateur NaWz (D:3)
  2 hippogriffs
  A wyvern (D:8)
  Edmund (D:4)
  3 orc warriors
  4 sky beasts
  An ice beast (D:9)
  A phantom (D:6)
  7 ogres
  A crocodile (D:8)
  2 big kobolds
  Blork the orc (D:5)
  2 bullfrogs (D:8)
  A wyvern zombie (D:9)
  A water moccasin skeleton (D:8)
  A scorpion (D:6)
  7 howler monkeys (D:8)
  3 crimson imps
  2 centaur skeletons (D:4)
  3 hounds
  Crazy Yiuf (D:5)
  An orc priest (D:7)
  3 bullfrog skeletons
  A gnoll shaman (D:4)
  A jelly (D:5)
  5 orc wizards
  An iguana (D:5)
  9 worker ants
  2 worker ant zombies
  A howler monkey skeleton (D:6)
  10 gnolls
  10 adders
  5 river rats
  2 shadow imps
  An ooze (D:2)
  An adder skeleton (D:8)
  A worm (D:2)
  3 dart slugs
  3 leopard geckos
  19 orcs
  7 ball pythons
  8 bats
  5 giant cockroaches
  4 goblins
  4 hobgoblins
  10 jackals
  4 quokkas
  5 frilled lizards
  24 kobolds
  A quokka skeleton (D:4)
  26 rats
227 creatures vanquished.

Table legend:
 A = Turns spent in this place as a percentage of turns spent in the entire game.
 B = Non-inter-level travel turns spent in this place as a percentage of non-inter-level travel turns spent in the entire game.
 C = Inter-level travel turns spent in this place as a percentage of turns spent in this place.
 D = Turns resting spent in this place as a percentage of non-inter-level travel turns spent in this place.
 E = Turns spent auto-exploring this place as a percentage of non-inter-level travel turns spent in this place.
 F = Non-inter-level travel turns spent in this place divided by the number of levels of this place that you've seen.
                   A       B       C       D       E      F
               +-------+-------+-------+-------+-------+----------------------
         Total | 100.0 | 100.0 |   3.7 |  36.1 |  47.3 | 933.2
       Dungeon |  91.4 |  91.1 |   4.0 |  35.5 |  48.5 | 927.7
         Sewer |   8.6 |   8.9 |   0.0 |  42.5 |  35.4 | 994.0
               +-------+-------+-------+-------+-------+----------------------
